 Dungeon Crawl Stone Soup version 0.31.0-11-ge490571c62 (webtiles) character file.

Game seed: 15917419874542547358

504002 Sobieck the Intangible (level 24, -11/152 HPs)
             Began as a Tengu Hunter on Jan 25, 2024.
             Was a High Priest of Hepliaklqana.
             Mangled by a rockslime (34 damage)
             ... created by the Royal Jelly
             ... on level 5 of the Pits of Slime on Jan 26, 2024.
             The game lasted 02:42:09 (51407 turns).

Sobieck the Intangible (Tengu Hunter)              Turns: 51407, Time: 02:42:10

Health: -11/152    AC: 12    Str: 15    XL:     24   Next: 97%
Magic:  0/33       EV: 42    Int: 18    God:    Hepliaklqana [*****.]
Gold:   3158       SH:  0    Dex: 26    Spells: 23/23 levels left

rFire   + + .        a - +5 triple crossbow
rCold   + . .        (shield currently unavailable)
rNeg    . . .        O - +0 leather armour of Iczag {rF++ Will+}
rPois   +            (helmet restricted)
rElec   .            k - +2 cloak {Will+}
rCorr   +            h - +2 pair of gloves {Stlth+}
SInv    .            (boots unavailable)
Will    +++..        r - amulet "Luadusuhe" {Spirit +Blink rC+ Str+2 Int+3}
Stlth   +++          o - ring of poison resistance
HPRegen 0.45/turn    y - ring "Ohaf" {rCorr Int+3}
MPRegen 0.23/turn

%: acrobat, guardian spirit
@: mighty, flying, hasted, studying 2 skills, very quick
A: reduced essence, beak, talons 3, evasive flight, acrobatic, shaggy fur 1,
devolution 1
}: 3/15 runes: decaying, silver, gossamer
a: Renounce Religion, Evoke Blink, Recall Ancestor, Ancestor Identity,
Transference, Idealise


You were on level 5 of the Pits of Slime.
You worshipped Hepliaklqana.
Hepliaklqana was extremely pleased with you.
You visited 10 branches of the dungeon, and saw 48 of its levels.
You also visited: Sewer and Bailey.

You collected 6405 gold pieces.
You spent 3247 gold pieces at shops.

Inventory:

Hand Weapons
 a - a +5 triple crossbow (weapon)
 g - a +3 longbow of freezing
Missiles
 Z - 6 throwing nets
Armour
 h - a +2 pair of gloves of stealth (worn)
 k - a +2 cloak of willpower (worn)
 C - the +8 fire dragon scales of Relativism {-Tele rPois rF++ rC- Dex+6 Stlth+}
   (You took it off a spriggan in a bailey)

   Dex+6:     It affects your dexterity (+6).
   rF++:      It greatly protects you from fire.
   rC-:       It makes you vulnerable to cold.
   rPois:     It protects you from poison -Tele: It prevents most forms of
   teleportation.
   Stlth+:    It makes you more stealthy.
 O - the +0 leather armour of Iczag (worn) {rF++ Will+}
   (You found it on level 1 of the Spider Nest)

   rF++:      It greatly protects you from fire.
   Will+:     It increases your willpower.
Jewellery
 c - a ring of protection from cold
 f - a ring of protection from fire
 m - the ring of the Firefly {+Blink Will+ Str+2}
   (You took it off a deep elf sorcerer on level 3 of the Elven Halls)

   [ring of willpower]

   Str+2:     It affects your strength (+2).
   Will+:     It increases your willpower.
   +Blink:    It lets you blink.
 o - a ring of poison resistance (left hand)
 r - the amulet "Luadusuhe" (around neck) {Spirit +Blink rC+ Str+2 Int+3}
   (You found it on level 2 of the Elven Halls)

   [amulet of guardian spirit]

   Spirit:    It causes incoming damage to be divided between your reserves of
   health and magic.
   Str+2:     It affects your strength (+2).
   Int+3:     It affects your intelligence (+3).
   rC+:       It protects you from cold.
   +Blink:    It lets you blink.
 s - a ring of see invisible
 y - the ring "Ohaf" (right hand) {rCorr Int+3}
   (You found it on level 9 of the Dungeon)

   [ring of resist corrosion]

   Int+3:     It affects your intelligence (+3).
   rCorr:     It protects you from acid and corrosion.
 W - the ring of Xeefutz {Wiz rF+ Dex+3}
   (You took it off a deep elf annihilator on level 3 of the Elven Halls)

   [ring of wizardry]

   Wiz:       It improves your spell success rate.
   Dex+3:     It affects your dexterity (+3).
   rF+:       It protects you from fire.
Wands
 i - a wand of mindburst (46)
 x - a wand of quicksilver (48)
 D - a wand of digging (19)
 E - a wand of charming (28)
 G - a wand of polymorph (22)
 I - a wand of iceblast (90)
 V - a wand of flame (92)
Scrolls
 e - 9 scrolls of fog
 l - 3 scrolls of silence {!r}
 p - 2 scrolls of noise
 z - 8 scrolls of revelation
 A - 4 scrolls of butterflies
 B - 6 scrolls of fear
 M - 7 scrolls of poison
 P - 4 scrolls of vulnerability
 R - 28 scrolls of identify
 S - 4 scrolls of immolation
 T - 10 scrolls of teleportation
Potions
 d - 8 potions of lignification
 j - 15 potions of attraction
 n - 6 potions of ambrosia
 q - 8 potions of mutation
 t - a potion of invisibility
 u - 3 potions of berserk rage
 v - 2 potions of resistance
 w - 9 potions of enlightenment
 L - 4 potions of cancellation
 N - 5 potions of magic
 Q - 8 potions of curing
Miscellaneous
 F - a lightning rod (4/4)
 K - a phantom mirror
 U - a phial of floods
 X - a box of beasts


   Skills:
 + Level 22.3 Fighting
 - Level 4.7 Long Blades
 - Level 26.0 Ranged Weapons
 - Level 10.0 Armour
 O Level 27 Dodging
 - Level 1.0 Stealth
 - Level 12.0 Invocations


You had 23 spell levels left.
You didn't know any spells.
Your spell library contained the following spells:

 Spells                   Type           Power      Damage    Failure   Level
 Apportation              Tloc           0%         N/A       26%         1
 Freeze                   Ice            0%         1d3       26%         1
 Slow                     Hex            0%         N/A       26%         1
 Summon Small Mammal      Summ           0%         N/A       26%         1
 Cigotuvi's Dreadful Rot  Necr/Alch/Air  0%         N/A       36%         2
 Ensorcelled Hibernation  Hex/Ice        0%         N/A       36%         2
 Jinxbite                 Hex            0%         N/A       36%         2
 Lesser Beckoning         Tloc           0%         N/A       36%         2
 Scorch                   Fire           0%         2d5       36%         2
 Static Discharge         Conj/Air       0%         3-3/arc   36%         2
 Call Canine Familiar     Summ           0%         N/A       61%         3
 Confusing Touch          Hex            0%         N/A       61%         3
 Frozen Ramparts          Ice            0%         1d1       61%         3
 Fugue of the Fallen      Necr           0%         N/A       61%         3
 Gell's Gravitas          Tloc           0%         N/A       61%         3
 Hailstorm                Conj/Ice       0%         3d5       61%         3
 Inner Flame              Hex/Fire       0%         N/A       61%         3
 Ozocubu's Armour         Ice            0%         N/A       61%         3
 Passwall                 Erth           0%         N/A       61%         3
 Sigil of Binding         Hex            0%         N/A       61%         3
 Summon Ice Beast         Ice/Summ       0%         N/A       61%         3
 Swiftness                Air            0%         N/A       61%         3
 Teleport Other           Tloc           0%         N/A       61%         3
 Vampiric Draining        Necr           0%         2d6       61%         3
 Volatile Blastmotes      Fire/Tloc      0%         2d10      61%         3
 Airstrike                Air            0%         2d(0-16)  95%         4
 Anguish                  Hex/Necr       0%         N/A       95%         4
 Animate Dead             Necr           0%         N/A       95%         4
 Brom's Barrelling Bould  Conj/Erth      0%         2d3       95%         4
 Cause Fear               Hex            0%         N/A       95%         4
 Flame Wave               Conj/Fire      0%         2d4       95%         4
 Fulminant Prism          Conj/Alch      0%         3d5       95%         4
 Ignite Poison            Fire/Alch      0%         N/A       95%         4
 Iskenderun's Mystic Bla  Conj/Tloc      0%         2d3       95%         4
 Leda's Liquefaction      Alch/Erth      0%         N/A       95%         4
 Manifold Assault         Tloc           0%         N/A       95%         4
 Petrify                  Alch/Erth      0%         N/A       95%         4
 Sticky Flame             Fire/Alch      0%         2d4       95%         4
 Summon Blazeheart Golem  Fire/Summ      0%         N/A       95%         4
 Summon Lightning Spire   Summ/Air       0%         N/A       95%         4
 Alistair's Intoxication  Alch           0%         N/A       100%        5
 Borgnjor's Vile Clutch   Necr/Erth      0%         N/A       100%        5
 Fireball                 Conj/Fire      0%         3d3       100%        5
 Freezing Cloud           Conj/Ice/Air   0%         6-21      100%        5
 Iskenderun's Battlesphe  Conj           0%         2d6       100%        5
 Lee's Rapid Deconstruct  Erth           0%         3d4*      100%        5
 Metabolic Englaciation   Hex/Ice        0%         N/A       100%        5
 Yara's Violent Unravell  Hex/Alch       0%         3d3       100%        5
 Bombard                  Conj/Erth      0%         9d1       100%        6
 Conjure Ball Lightning   Conj/Air       0%         3x3d6     100%        6
 Death Channel            Necr           0%         N/A       100%        6
 Eringya's Noxious Bog    Alch           0%         4d6       100%        6
 Sculpt Simulacrum        Ice/Alch       0%         N/A       100%        6
 Summon Cactus Giant      Summ           0%         N/A       100%        6
 Enfeeble                 Hex            0%         N/A       100%        7
 Orb of Destruction       Conj           0%         9d5       100%        7
 Ozocubu's Refrigeration  Ice            0%         4d7       100%        7
 Dragon's Call            Summ           0%         N/A       100%        9
 Polar Vortex             Ice            0%         N/A       100%        9


Dungeon Overview and Level Annotations

Branches:
Dungeon (15/15)            Temple (0/1) D:5            Lair (5/5) D:8
  Swamp (4/4) Lair:3       Spider (4/4) Lair:2        Slime (5/5) Lair:5
    Orc (2/2) D:12            Elf (3/3) Orc:2        Vaults (5/5) D:14
  Crypt (0/3) Vaults:3     Depths (4/4) D:15            Zot (1/5) Depths:4
  Sewer (visited)          Bailey (visited)

Altars:
Ashenzari
Hepliaklqana
Kikubaaqudgha
Qazlal
Ru
Uskayaw
Vehumet
Xom
Jiyva

Shops:
D:3 ?   D:7 :[   D:8 [[*!   D:11 (   Orc:2 *=*[   Vaults:3 [:   Depths:1 *

Portals:
Hell: Depths:1 Depths:2 Depths:3 Depths:4
Abyss: Depths:2 Depths:3 Depths:4
Pandemonium: Depths:1 Depths:2
Ziggurat: Depths:1

Annotations:
D:2 1 runed translucent door, Crazy Yiuf
D:3 exclusion: statue, Ijyb
Swamp:4 1 exclusion
Slime:5 Royal Jelly
Elf:2 3 runed translucent doors
Vaults:5 ! dinotgo
Depths:1 2 transporters, Gemnonof's ghost, adept DgCj; Gucom's ghost, veteran GnFi; Peitt's ghost, veteran BaIE


Innate Abilities, Weirdness & Mutations

Your life essence is reduced to manifest your ancestor. (-10% HP)
You have a beak for a mouth.
You have claws for feet.
Your magical flight helps you evade attacks. (EV +4)
You can magically evade attacks while moving or waiting.
You are covered in fur. (AC +1)
You have hidden genetic defects.


Message History

The rockslime completely misses you.
Unknown command.
The formless jellyfish shimmers eerily.
The formless jellyfish blinks!
The formless jellyfish attacks as it pursues you!
The formless jellyfish completely misses you. x2
The acid blob spits acid at you. The splash of acid hits you! You resist.
* * * LOW HITPOINT WARNING * * *
Unknown command.
Unknown command.
Blink to where?
Press: ? - help, Dir - move target An acid blob comes into view.
As you read the scroll of blinking, it crumbles to dust.
The rockslime quivers.
The great orb of eyes turns its gaze towards you.
Ulric hits the rockslime but does no damage.
Ulric hits the rockslime with a +0 broad axe of speed.
Flame seeps out of the rockslime.
An azure jelly comes into view.
The rockslime jiggles.
The Royal Jelly is engulfed in blazing flames.
Flame seeps out of the Royal Jelly.
Unknown command.
Unknown command.
Ulric hits the rockslime but does no damage. x3
Ulric hits the azure jelly with a +0 broad axe of speed.
Flame seeps out of the azure jelly.
Ulric blocks the rockslime's attack.
The slime creature completely misses you.
The great orb of eyes completely misses you.
The rockslime closely misses you.
You shoot a bolt. The bolt hits the great orb of eyes.
Flame seeps out of the great orb of eyes.
The great orb of eyes is lightly wounded.
The slime creature misses you.
The acid blob is engulfed in blazing flames.
Ulric hits the rockslime with a +0 broad axe of speed!
Flame seeps out of the rockslime.
Ulric hits the rockslime with a +0 broad axe of speed.
Flame seeps out of the rockslime.
Ulric hits the rockslime with a +0 broad axe of speed.
Flame seeps out of the rockslime.
Ulric hits the Royal Jelly with a +0 broad axe of speed!
Flame seeps out of the Royal Jelly.
Ulric is burned by acid!
Flame seeps out of Ulric.
The Royal Jelly shudders.
The Royal Jelly spits out another jelly.
The rockslime hits you!!!
You die...

##.........J......
##......GJJ........
#......J.J.JJ......
#.......°..JG......
#....JJJ°J.........
##....RJJ...........
##...JJJ..J..........
#....JJJ.............
##..@JJ.....J........
#..GJJ..........§..
#..<..............
#..................
##............
#............
#...........
##..........
##.......G.


You could see the friendly Ulric the knight (fast, inner flame, corroded,
reflecting), the Royal Jelly (inner flame, distracted), a formless jellyfish
(inner flame), 5 acid blobs, 3 azure jellies, 2 great orbs of eyes, a large
slime creature (inner flame), a slime creature (inner flame) and 8 rockslimes.

Vanquished Creatures
  Dissolution (Slime:2)
  2 ancient liches (Vaults:5)
  Mennas (Vaults:3)
  A juggernaut (Depths:4)
  3 golden dragons
  Arachne (Spider:3)
  An electric golem (Zot:1)
  2 tentacled monstrosities
  Jorgrun (Spider:2)
  Rupert (Lair:5)
  A deep elf blademaster (Elf:3)
  A lich (Vaults:3)
  A titan (Vaults:5)
  9 acid blobs
  A death cob (Zot:1)
  3 sphinxes
  Donald (Vaults:3)
  5 storm dragons
  Agnes (Spider:1)
  2 tengu reavers
  2 draconian monks
  3 azure jellies
  6 fire giants
  4 rockslimes
  16 vault wardens
  5 deep elf sorcerers
  A ghost moth (Spider:4)
  6 emperor scorpions
  6 frost giants
  4 deep elf elementalists (Elf:3)
  An iron dragon (Vaults:5)
  A draconian shifter (Zot:1)
  A draconian scorcher (Depths:4)
  11 ironbound preservers
  A draconian annihilator (Zot:1)
  2 formless jellyfish (Vaults:3)
  5 quicksilver oozes
  An orc warlord (Vaults:3)
  14 very ugly things
  A vampire knight (Depths:2)
  4 deep elf demonologists
  5 deep elf death magi
  2 black draconians (Depths:4)
  12 deep elf annihilators
  5 ironbound thunderhulks
  4 eleionomae
  4 stone giants
  2 bunyips
  A red draconian (Zot:1)
  7 spark wasps
  A war gargoyle (Vaults:5)
  4 yellow draconians
  A crystal guardian (Vaults:2)
  7 fire dragons
  A dire elephant (Spider:4)
  9 ettins
  3 shambling mangroves (Swamp:3)
  6 yaktaur captains
  The ghost of Tollund the Grappler, a journeyman TrSh of Cheibriados (D:9)
  6 deep elf high priests
  An entropy weaver (Vaults:3)
  24 vault guards
  3 rakshasas
  5 great orbs of eyes
  6 ice dragons
  3 salamander tyrants (Depths:1)
  Fannar (Orc:1)
  2 ghost crabs
  5 hydras
  3 radroaches
  6 ironbound frosthearts
  3 catoblepae
  2 spriggan air magi (Depths:3)
  3 alligators
  10 dancing weapons
  7 boulder beetles
  8 two-headed ogres
  12 centaur warriors
  5 tengu warriors
  10 death yaks
  11 demonic crawlers
  3 vampire magi
  8 deep troll shamans
  3 orc high priests (Orc:2)
  8 deep troll earth magi
  A spriggan berserker (Depths:3)
  An occultist (Elf:1)
  3 skysharks
  6 deep elf knights
  7 hell knights
  7 iron trolls
  2 pharaoh ants
  2 goliath frogs
  37 deep trolls
  A glowing orange brain (Depths:1)
  A death drake (Swamp:3)
  5 orb spiders
  4 spriggan druids
  The ghost of ggggg the Gusty, a novice DrAE of Vehumet (D:8)
  8 arcanists
  A shadow dragon zombie (Depths:1)
  2 swamp dragons (Swamp:4)
  A lindwurm (Lair:5)
  25 deep elf pyromancers
  5 deep elf archers
  4 bog bodies
  3 orc knights
  2 harpies (Vaults:1)
  4 phantasmal warriors
  6 steelbarb worms
  24 deep elf zephyrmancers
  12 ironbound convokers
  27 ugly things
  4 necromancers
  A shining eye (Slime:2)
  6 cyclopes
  A stone giant zombie (Depths:1)
  2 orc sorcerers
  A human zombie (Vaults:1)
  2 manticores
  An oklob plant (Lair:5)
  15 wolf spiders
  4 salamanders
  26 elephants
  2 moths of wrath
  A guardian serpent (shapeshifter) (D:13)
  2 kobold blastminers (Orc:1)
  2 meliai (D:13)
  A will-o-the-wisp (Swamp:1)
  2 black mambas (shapeshifter)
  3 black mambas
  14 vault sentinels
  A gargoyle (D:11)
  An eye of devastation (shapeshifter) (Vaults:5)
  7 cane toads
  4 molten gargoyles (Elf:1)
  3 torpor snails
  7 freezing wraiths
  41 yaktaurs
  2 unseen horrors
  4 rime drakes
  8 komodo dragons
  A yaktaur skeleton (Vaults:1)
  A kobold demonologist (D:13)
  A queen bee (shapeshifter) (D:15)
  3 polar bears
  5 trolls
  A glass eye (Depths:4)
  4 tyrant leeches
  10 hornets
  2 raiju (shapeshifter)
  2 bloated husks
  29 tarantellas
  5 blink frogs (Lair:5)
  A glass eye (shapeshifter) (Depths:3)
  An ettin zombie (Vaults:3)
  20 jumping spiders
  61 slime creatures
  20 culicivoras
  2 air elementals
  10 spriggans
  5 shadows
  8 water elementals
  3 wraiths
  4 fire bats (Elf:1)
  6 wyverns
  2 hogs (D:13)
  6 golden eyes
  A yak (shapeshifter) (D:14)
  10 fire elementals
  2 unseen horror simulacra (D:8)
  3 steam dragons
  4 wargs
  5 basilisks
  4 swamp worm simulacra (Swamp:4)
  33 yaks
  45 redbacks
  A yaktaur simulacrum (Vaults:1)
  An elf simulacrum (Vaults:1)
  11 vampire mosquitoes
  14 swamp worms
  A harpy simulacrum (D:15)
  5 hell hounds
  A swamp worm (shapeshifter) (Vaults:5)
  16 water moccasins
  2 acid dragons (D:11)
  11 hydra simulacra (Swamp:4)
  3 ice beasts
  3 black bears
  A meliai simulacrum (D:10)
  3 swamp drakes
  17 orc warriors
  A sky beast (D:6)
  14 ogres
  12 wolves
  15 centaurs
  3 boggarts
  2 phantoms
  A kobold brigand (D:9)
  8 bullfrogs
  4 earth elementals
  A scorpion (D:5)
  A glowing shapeshifter simulacrum (Depths:1)
  3 wights
  A hornet simulacrum (D:9)
  6 killer bees (D:9)
  2 electric eels (D:10)
  5 howler monkeys
  2 bombardier beetles
  3 hounds
  A jelly (shapeshifter) (D:15)
  2 jellies (D:5)
  27 orc priests
  5 iguanas
  25 orc wizards
  7 gnolls
  8 adders
  4 white imps
  A howler monkey simulacrum (D:8)
  4 swamp drake simulacra (Swamp:4)
  An adder zombie (D:6)
  5 dart slugs
  2 ribbon worms
  35 orcs
  6 endoplasms
  3 giant cockroaches
  7 goblins
  5 hobgoblins
  14 kobolds
  4 quokkas
  5 ball pythons
  5 bats
  3 frilled lizards
  3 jackal zombies (D:6)
  4 rats
1417 creatures vanquished.

Vanquished Creatures (collateral kills)
  Margery (Vaults:3)
  An electric golem (Zot:1)
  A hellephant (Depths:1)
  A tentacled monstrosity (Vaults:5)
  3 liches
  A deep elf blademaster (Elf:3)
  A deep elf master archer (Elf:3)
  A searing wretch (Vaults:3)
  2 sphinxes
  2 acid blobs
  Frances (Swamp:1)
  A storm dragon (Depths:4)
  2 tengu reavers
  Kirke (D:13)
  A shadow dragon (Vaults:5)
  A draconian monk (Zot:1)
  2 fenstrider witches (Swamp:2)
  2 deep elf sorcerers
  A ghost moth (Spider:4)
  2 frost giants
  A draconian scorcher (Zot:1)
  A deep elf elementalist (Elf:3)
  A draconian shifter (Zot:1)
  10 vault wardens
  2 ghouls (Swamp:3)
  6 ironbound preservers
  10 very ugly things
  A broodmother (Spider:4)
  2 stone giants
  2 eleionomae
  An ironbound thunderhulk (Vaults:4)
  A deep elf death mage (Elf:3)
  A deep elf demonologist (Elf:3)
  A yellow draconian (Depths:4)
  A dire elephant (Spider:4)
  6 deep elf annihilators
  2 black draconians (Depths:4)
  A war gargoyle (Vaults:2)
  A bunyip (Swamp:3)
  Azrael (Spider:2)
  7 ettins
  3 deep elf high priests
  Josephine (Lair:4)
  A yaktaur captain (Vaults:5)
  A fire dragon (Depths:3)
  2 entropy weavers (Vaults:1)
  4 ogre magi
  2 ghost crabs
  3 hydras
  A catoblepas (Lair:4)
  4 ice dragons
  5 vault guards
  A sphinx zombie (Depths:1)
  Harold (Orc:1)
  2 jorogumos
  6 centaur warriors
  2 ironbound frosthearts
  Erica (Orc:1)
  5 alligators
  A death knight (D:13)
  A peacekeeper (Vaults:2)
  2 two-headed ogres (D:15)
  The ghost of deafmute the Cleaver, a novice HOFi of Beogh (D:9)
  4 death yaks
  2 dancing weapons
  3 boulder beetles
  4 deep troll shamans
  9 deep troll earth magi
  A tengu warrior (Depths:1)
  3 orc high priests
  5 hell knights
  3 deep elf knights
  2 spriggan berserkers (Depths:1)
  A shadow wraith (Vaults:1)
  3 iron trolls
  2 pharaoh ants (Spider:3)
  9 deep trolls
  A glowing orange brain (Depths:4)
  3 deep elf archers
  A harpy (Vaults:1)
  3 ironbound convokers
  An orc knight (Vaults:5)
  An arcanist (Vaults:2)
  A tengu zombie (Vaults:3)
  3 deep elf pyromancers
  A deep elf zephyrmancer (Elf:1)
  An elf zombie (Vaults:3)
  A frost giant zombie (Vaults:1)
  3 necromancers
  5 ugly things
  An orc sorcerer (Orc:2)
  7 wolf spiders
  A cyclops (D:13)
  6 elephants
  A meliai (D:13)
  3 moths of wrath
  A black mamba (Lair:4)
  A black mamba (shapeshifter) (D:13)
  2 gargoyles
  3 vault sentinels
  A cane toad (Lair:4)
  An unseen horror (D:11)
  3 yaktaurs
  4 komodo dragons
  A freezing wraith (Vaults:5)
  A troll (D:9)
  A hornet (Swamp:1)
  A tyrant leech (Swamp:1)
  5 tarantellas
  5 jumping spiders
  7 culicivoras
  24 slime creatures
  3 spriggans
  5 wraiths
  A wyvern (D:8)
  A yak (shapeshifter) (D:14)
  2 golden eyes
  11 yaks
  A warg (D:14)
  A hog (D:13)
  A basilisk (D:10)
  14 redbacks
  A vampire mosquito (Lair:3)
  3 swamp worms
  4 water moccasins
  2 hydra simulacra (Swamp:4)
  8 orc warriors
  2 ice beasts
  2 boggarts
  4 wolves
  7 ogres
  A centaur (D:8)
  3 scorpions
  2 bullfrogs (Lair:2)
  A gnoll sergeant (D:8)
  A burial acolyte (D:6)
  2 wights (D:7)
  A killer bee (D:9)
  2 howler monkeys
  A hound (D:6)
  12 orc priests
  2 jellies
  An iguana (D:7)
  7 orc wizards
  2 gnolls
  2 white imps
  A ribbon worm (D:5)
  13 orcs
  A giant cockroach (D:4)
  A kobold (D:9)
422 creatures vanquished.

Vanquished Creatures (others)
  A deep elf master archer (Elf:3)
  3 yaktaur captains
  A vault guard (Vaults:5)
  A centaur warrior (Vaults:4)
  A deep elf knight (Elf:2)
  A shadow wraith (Vaults:5)
  A deep elf archer (Elf:3)
  8 yaktaurs
  A bloated husk (Swamp:4)
  A fire elemental (Spider:3)
  A golden eye (Slime:1)
  A redback (Spider:3)
  A swamp worm (Swamp:4)
  A river rat (Sewer)
  42 knights
  2 ancestors
  An orc (Elf:1)
  A rat (D:3)
69 creatures vanquished.

Grand Total: 1908 creatures vanquished

Notes
Turn   | Place    | Note
-------+----------+-------------------------------------------
     0 | D:1      | Sobieck the Tengu Hunter began the quest for the Orb.
     0 | D:1      | Reached XP level 1. HP: 12/12 MP: 2/2
   203 | D:1      | Reached XP level 2. HP: 17/17 MP: 3/3
   791 | D:2      | Reached XP level 3. HP: 21/21 MP: 4/4
   916 | D:2      | Found a runed translucent door.
   917 | D:2      | Noticed Crazy Yiuf
  1173 | D:2      | Reached skill level 6 in Ranged Weapons
  1173 | D:2      | Reached XP level 4. HP: 11/26 MP: 5/5
  1447 | D:3      | Noticed Ijyb
  1629 | D:3      | Found a faded altar of an unknown god.
  1664 | D:3      | Found a radiant altar of Vehumet.
  1664 | D:3      | Noticed a frost-covered statue
  1675 | D:3      | Prayed at the altar of an unknown god.
  1675 | D:3      | Became a worshipper of Hepliaklqana the Forgotten
  1675 | D:3      | Reached * piety under Hepliaklqana
  1804 | D:3      | Found Abourch's Magic Scroll Shoppe.
  1809 | D:3      | Bought a scroll of blinking for 97 gold pieces
  1809 | D:3      | Bought a scroll of noise for 13 gold pieces
  1809 | D:3      | Bought a scroll of identify for 26 gold pieces
  1995 | D:3      | Reached XP level 5. HP: 18/27 MP: 6/6
  2193 | D:4      | Found a glowing drain.
  2208 | Sewer    | Entered a sewer
  2326 | Sewer    | Noticed a kobold brigand
  2336 | Sewer    | Noticed a kobold brigand
  2532 | D:4      | Found a sacrificial altar of Ru.
  2659 | D:4      | Reached XP level 6. HP: 18/31 MP: 7/7
  2728 | D:4      | Reached ** piety under Hepliaklqana
  2755 | D:4      | Noticed a black bear
  2769 | D:4      | Remembered your ancestor Ulric as a knight
  2772 | D:4      | Killed a black bear
  2800 | D:4      | Reached skill level 9 in Ranged Weapons
  2800 | D:4      | Gained mutation: Your magical flight helps you evade
                  | attacks. (EV +4) [Tengu growth]
  2800 | D:4      | Reached XP level 7. HP: 36/36 MP: 8/8
  3544 | D:5      | Entered Level 5 of the Dungeon
  3580 | D:4      | Identified a scroll of acquirement
  3580 | D:4      | Acquired 947 gold pieces
  3758 | D:5      | Reached XP level 8. HP: 39/39 MP: 9/9
  3887 | D:5      | Found a staircase to the Ecumenical Temple.
  4057 | D:5      | Reached *** piety under Hepliaklqana
  4471 | D:5      | Reached skill level 12 in Ranged Weapons
  4856 | D:6      | Reached XP level 9. HP: 43/43 MP: 10/10
  4956 | D:6      | Found an ancient bone altar of Kikubaaqudgha.
  5750 | D:7      | Found Inaf's Book Emporium.
  5779 | D:7      | Reached skill level 3 in Dodging
  5844 | D:7      | Reached skill level 4 in Dodging
  5873 | D:7      | Reached **** piety under Hepliaklqana
  6212 | D:8      | Found Xaidd's Distillery.
  6215 | D:8      | Bought a potion of degeneration for 14 gold pieces
  6215 | D:8      | Bought a potion of invisibility for 112 gold pieces
  6215 | D:8      | Bought a potion of enlightenment for 70 gold pieces
  6215 | D:8      | Bought a potion of lignification for 42 gold pieces
  6215 | D:8      | Bought a potion of mutation for 112 gold pieces
  6220 | D:8      | Found a broken altar of Ashenzari.
  6243 | D:8      | Reached skill level 1 in Invocations
  6281 | D:8      | Found a runed translucent gate.
  6281 | D:8      | Found a runed translucent gate.
  6281 | D:8      | Found a runed translucent gate.
  6478 | D:8      | Reached skill level 5 in Dodging
  6484 | D:8      | Reached XP level 10. HP: 47/47 MP: 12/12
  6718 | D:8      | Reached skill level 3 in Invocations
  6820 | D:8      | Reached skill level 15 in Ranged Weapons
  6820 | D:8      | Reached skill level 6 in Dodging
  6856 | D:8      | Found a staircase to the Lair.
  7005 | D:8      | Noticed ggggg's ghost (novice DrAE)
  7040 | D:8      | Found Gise's Antique Armour Shoppe.
  7040 | D:8      | Found Cozxaik's Armour Shoppe.
  7042 | D:8      | Found Gircheuz's General Store.
  7094 | D:8      | Bought a heavily runed scale mail for 144 gold pieces
  7094 | D:8      | Identified the +0 scale mail of the Crypt {-Tele rElec
                  | rC+++ Dex-3} (You bought it in a shop on level 8 of the
                  | Dungeon)
  7678 | D:9      | Noticed a two-headed ogre
  7710 | D:9      | Killed a two-headed ogre
  7711 | D:9      | Reached skill level 7 in Dodging
  7711 | D:9      | Reached XP level 11. HP: 51/51 MP: 15/15
  8073 | D:9      | Found a runed translucent gate.
  8073 | D:9      | Found a runed translucent gate.
  8073 | D:9      | Found a runed translucent gate.
  8074 | D:9      | Noticed Tollund's ghost (journeyman TrSh)
  8075 | D:9      | Noticed deafmute's ghost (novice HOFi)
  8081 | D:8      | Bought a potion of heal wounds for 75 gold pieces
  8081 | D:8      | Bought a scroll of teleportation for 45 gold pieces
  8110 | D:10     | Entered Level 10 of the Dungeon
  8121 | D:10     | Reached skill level 8 in Dodging
  8188 | D:10     | Reached ***** piety under Hepliaklqana
  8274 | D:10     | Reached skill level 9 in Dodging
  8336 | D:10     | Noticed a two-headed ogre
  8451 | D:10     | Killed a two-headed ogre
  8452 | D:10     | Reached skill level 10 in Dodging
  8653 | D:10     | Found a flagged portal.
  8661 | Bailey   | Entered a bailey
  8705 | Bailey   | Reached skill level 3 in Fighting
  8746 | Bailey   | Reached skill level 6 in Invocations
  8830 | Bailey   | Noticed a two-headed ogre
  8837 | Bailey   | Killed a two-headed ogre
  8840 | Bailey   | Identified the +8 fire dragon scales of Relativism {-Tele
                  | rPois rF++ rC- Dex+6 Stlth+}
  9300 | D:10     | Reached XP level 12. HP: 58/60 MP: 18/18
  9460 | D:11     | Noticed a two-headed ogre
  9470 | D:11     | Killed a two-headed ogre
  9591 | D:11     | Found Osudit's Weapon Emporium.
  9640 | D:11     | Identified the +3 ring mail of the Valley of Death {^Drain
                  | +Blink Fly Int+3}
  9754 | D:11     | Noticed a boulder beetle
  9803 | D:11     | Killed a boulder beetle
  9880 | D:11     | Reached skill level 6 in Fighting
 10570 | D:12     | Reached skill level 11 in Dodging
 10652 | D:12     | Found a staircase to the Orcish Mines.
 10659 | D:12     | Noticed a two-headed ogre
 10665 | D:12     | Killed a two-headed ogre
 10673 | D:12     | Noticed a centaur warrior
 10733 | D:12     | Killed a centaur warrior
 10734 | D:12     | Reached skill level 12 in Dodging
 11023 | Orc:1    | Entered Level 1 of the Orcish Mines
 11023 | Orc:1    | Noticed Harold
 11023 | Orc:1    | Noticed Fannar
 11023 | Orc:1    | Noticed Erica
 11120 | Lair:1   | Entered Level 1 of the Lair of Beasts
 11169 | Lair:1   | Identified the +6 mace of Moevem {venom, Int+4}
 11268 | Lair:1   | Reached skill level 13 in Dodging
 11334 | Lair:1   | Reached XP level 13. HP: 66/66 MP: 20/20
 11660 | Lair:1   | Reached skill level 14 in Dodging
 11966 | Lair:2   | Found a hole to the Spider Nest.
 12021 | Lair:2   | Reached skill level 15 in Dodging
 12209 | Lair:2   | Reached ****** piety under Hepliaklqana
 12941 | Lair:2   | Reached skill level 16 in Dodging
 13466 | Lair:3   | Identified the blade talisman of Grace {rElec rF- Dex+4}
 13559 | Lair:3   | Found a staircase to the Swamp.
 13608 | Lair:3   | Reached skill level 17 in Dodging
 13925 | Lair:4   | Reached XP level 14. HP: 70/72 MP: 21/21
 14741 | Lair:5   | Entered Level 5 of the Lair of Beasts
 14741 | Lair:5   | Noticed Rupert
 14749 | Lair:5   | Paralysed by Rupert for 4 turns
 14754 | Lair:4   | HP: 3/72 [poisoned by a black mamba]
 14915 | Lair:4   | Reached skill level 18 in Dodging
 15045 | Lair:5   | Killed Rupert
 15157 | Lair:5   | Noticed Josephine
 15217 | Lair:4   | Killed Josephine
 15218 | Lair:4   | Reached skill level 18 in Ranged Weapons
 15328 | Lair:5   | Reached skill level 1 in Armour
 15418 | Lair:5   | Identified the serpent talisman of a wizard's laboratory
                  | {MP+9 Dex+4 Stlth-}
 15517 | Lair:5   | Found a viscous altar of Jiyva.
 15520 | Lair:5   | Found a staircase to the Slime Pits.
 15559 | Lair:5   | Found a sacrificial altar of Ru.
 15867 | Lair:5   | Reached skill level 3 in Armour
 15903 | Lair:5   | Reached XP level 15. HP: 65/77 MP: 22/22
 16411 | D:13     | Noticed Kirke
 16425 | D:13     | Killed Kirke
 16426 | D:13     | Reached skill level 9 in Invocations
 16875 | D:13     | Reached skill level 6 in Armour
 17281 | D:14     | Found a hide-covered altar of Uskayaw.
 17820 | D:14     | Reached skill level 9 in Fighting
 17834 | D:14     | Found a gate to the Vaults.
 17938 | D:15     | Entered Level 15 of the Dungeon
 18274 | D:15     | Reached XP level 16. HP: 86/86 MP: 24/24
 18449 | D:15     | Found a staircase to the Depths.
 18743 | Orc:1    | Killed Fannar
 18748 | Orc:1    | Killed Erica
 18750 | Orc:1    | Killed Harold
 19166 | Orc:2    | Entered Level 2 of the Orcish Mines
 19166 | Orc:2    | Found a shimmering altar of Xom.
 19251 | Orc:2    | Reached skill level 9 in Armour
 19334 | Orc:2    | Found Mitint's Antique Armour Shop.
 19334 | Orc:2    | Found Fiud's Jewellery Boutique.
 19335 | Orc:2    | Found Rawn's General Store.
 19352 | Orc:2    | Found Fihiher's Assorted Antiques.
 19362 | Orc:2    | Bought a ring of see invisible for 225 gold pieces
 19362 | Orc:2    | Bought a +4 ring of slaying for 1170 gold pieces
 19388 | Orc:2    | Found a staircase to the Elven Halls.
 19822 | Orc:2    | Bought a glowing cloak for 157 gold pieces
 19832 | Orc:2    | Upgraded the game from 0.31.0-10-gcf4a605ca0 to
                  | 0.31.0-11-ge490571c62
 20022 | Swamp:1  | Entered Level 1 of the Swamp
 20418 | Swamp:1  | Noticed Frances
 20430 | Swamp:1  | Killed Frances
 20696 | Swamp:2  | Noticed a fenstrider witch
 20702 | Swamp:2  | Killed a fenstrider witch
 20787 | Swamp:2  | Noticed a fenstrider witch
 20790 | Swamp:2  | Killed a fenstrider witch
 21027 | Orc:2    | Bought steaming steam dragon scales for 945 gold pieces
 21027 | Orc:2    | Identified the +0 steam dragon scales "Kuni" {+Blink rC-
                  | Int+3} (You bought it in a shop on level 2 of the Orcish
                  | Mines)
 21449 | Swamp:2  | Reached skill level 12 in Invocations
 21802 | Swamp:3  | Reached skill level 12 in Fighting
 22134 | Swamp:3  | Reached XP level 17. HP: 90/97 MP: 27/27
 22567 | Swamp:4  | Entered Level 4 of the Swamp
 24036 | Swamp:4  | Got a decaying rune of Zot
 24223 | Spider:1 | Entered Level 1 of the Spider Nest
 24246 | Spider:1 | Identified the +0 leather armour of Iczag {rF++ Will+}
 24542 | Spider:1 | Reached skill level 19 in Dodging
 24887 | Spider:1 | Noticed Agnes
 25107 | Spider:1 | confidenceinterval: hello
 25247 | Spider:1 | Killed Agnes
 25855 | Spider:2 | Reached skill level 15 in Fighting
 25855 | Spider:2 | Reached XP level 18. HP: 107/107 MP: 28/28
 26818 | Spider:3 | Reached skill level 20 in Dodging
 26847 | Spider:3 | Noticed Jorgrun
 26944 | Spider:3 | Noticed Arachne
 26949 | Spider:2 | Killed Jorgrun
 26999 | Spider:3 | Noticed Azrael
 27043 | Spider:2 | Killed Azrael
 27108 | Spider:2 | confidenceinterval: That's a lot of uniques right there
 27154 | Spider:3 | Killed Arachne
 27597 | Spider:4 | Entered Level 4 of the Spider Nest
 28331 | Spider:4 | Reached skill level 21 in Dodging
 29111 | Spider:4 | Identified the +3 leather armour of Faocomp {rPois}
 29580 | Spider:4 | Got a gossamer rune of Zot
 29583 | Spider:4 | Identified the +1 hat "Aduptap" {Harm *Slow Dex+2}
 29980 | Elf:1    | Entered Level 1 of the Elven Halls
 30090 | Elf:1    | Found a radiant altar of Vehumet.
 30204 | Elf:1    | Reached XP level 19. HP: 113/113 MP: 29/29
 30257 | Elf:1    | Reached skill level 22 in Dodging
 30369 | Elf:1    | Sobieck: Hell
 30369 | Elf:1    | confidenceinterval: Elf
 30369 | Elf:1    | Sobieck: It was. I'm playing pretty... ummm... not great.
 30369 | Elf:1    | Sobieck: Very fast.
 30369 | Elf:1    | Sobieck: For me
 30401 | Elf:1    | confidenceinterval: I thought you were going fast, given
                  | that you said you always go slow :)
 30459 | Elf:1    | Sobieck: Yeah, I'm sort of just winging it since I lost the
                  | other day.
 30459 | Elf:1    | Sobieck: It isn't really working out for me.
 30459 | Elf:1    | Sobieck: But I don't mind. Having fun keeping my mind of
                  | shit.
 30580 | Elf:1    | confidenceinterval: You're doing pretty well - I think
                  | I'd've died to that little Azrael/ Jorgrun/ snake-unique
                  | triumvirate in the Nest
 31079 | Elf:2    | confidenceinterval: Have you got rElec?
 31079 | Elf:2    | Sobieck: No
 31079 | Elf:2    | confidenceinterval: ...
 31079 | Elf:2    | Sobieck: Not on me at least.
 31079 | Elf:2    | Sobieck: lol
 31079 | Elf:2    | confidenceinterval: Don't worry. I'm sure you'll be able to
                  | style it out ;)
 31079 | Elf:2    | Sobieck: If not, oh well.
 31079 | Elf:2    | Sobieck: Got to go check the food
 31079 | Elf:2    | confidenceinterval: Alright :)
 31079 | Elf:2    | Sobieck: Hello
 31145 | Elf:2    | Identified the amulet "Luadusuhe" {Spirit +Blink rC+ Str+2
                  | Int+3}
 31201 | Elf:2    | Found a runed translucent gate.
 31201 | Elf:2    | Found a runed translucent gate.
 31201 | Elf:2    | Found a runed translucent gate.
 31502 | Elf:3    | Entered Level 3 of the Elven Halls
 31547 | Elf:3    | confidenceinterval: You're bolder than me. I usually avoid
                  | Elf if I don't have rElec and at least 3 pips of Will
 31559 | Elf:3    | Sobieck: I'm just yoloing it.
 31564 | Elf:3    | Sobieck: But it seems like everyone thinks I should go
                  | vaults.
 31564 | Elf:3    | Sobieck: So I guess I'll come back.
 31564 | Elf:3    | Sobieck: Sorry, I thought you were pan
 31564 | Elf:3    | Sobieck: I pan
 31564 | Elf:3    | confidenceinterval: Vaults without Will is also horrible
                  | because you keep getting marked
 31564 | Elf:3    | confidenceinterval: I'd say I'm bi rather than pan but it's
                  | kind of the same thing
 31564 | Elf:3    | confidenceinterval: Hello Pan
 31648 | Elf:3    | PanSaczeczos: hi
 31670 | Elf:3    | Reached skill level 23 in Dodging
 31704 | Elf:3    | PanSaczeczos: i would do elfs with just two pips of will
 31728 | Elf:3    | PanSaczeczos: reflection, however, is a must
 31730 | Elf:3    | PanSaczeczos: or a shield at lest
 31730 | Elf:3    | PanSaczeczos: least*
 31845 | Elf:3    | confidenceinterval: It depends on how confident you are
                  | about surviving an unplanned trip to Abyss. That's where I
                  | usually end up if I attempt Elf without enough Will
 31918 | Elf:3    | confidenceinterval: But Sobieck here is doing well and
                  | being all nonchalant about it
 31920 | Elf:3    | confidenceinterval: ;)
 31921 | Elf:3    | Sobieck: I've just accepted my fate.
 31929 | Elf:3    | confidenceinterval: What is your fate?
 31931 | Elf:3    | Sobieck: a horrible splat due to carelessness
 31953 | Elf:3    | confidenceinterval: And, by the way, I'm not sure that
                  | "yolo" applies to Crawl, given that I seem doomed to repeat
                  | my mistakes in life after life...
 32084 | Elf:3    | Sobieck: lol
 32084 | Elf:3    | Sobieck: Sometimes you learn
 32101 | Elf:3    | confidenceinterval: I never learn smh
 32171 | Elf:3    | confidenceinterval: I have finished my lunch and ought to
                  | get back to work
 32181 | Elf:3    | confidenceinterval: Good luck! :)
 32236 | Elf:3    | Sobieck: Did elementalists lose earth elementals this
                  | version?
 32870 | Elf:3    | PanSaczeczos: yes but they cast lrd
 33070 | Elf:3    | Reached XP level 20. HP: 121/121 MP: 30/30
 33111 | Elf:3    | Identified the +3 falchion of Ru's Fury {freeze, SInv}
 33144 | Elf:3    | Identified the ring of the Firefly {+Blink Will+ Str+2}
 33249 | Elf:3    | Identified the ring of Xeefutz {Wiz rF+ Dex+3}
 33278 | Elf:3    | HP: 2/122 [deep elf blademaster/+0 rapier (14)]
 33279 | Elf:3    | Sobieck: Did they cancel my TP somehow?
 33279 | Elf:3    | Sobieck: Or did I not cast it?
 33279 | Elf:3    | Sobieck: Either way. It was fun.
 33478 | Elf:3    | Reached skill level 24 in Dodging
 33523 | Elf:3    | PanSaczeczos: oh
 33523 | Elf:3    | PanSaczeczos: zealot's sword
 33525 | Elf:3    | PanSaczeczos: it could be fun, i wonder if it procs the
                  | ancestor
 33566 | Elf:3    | Identified the +8 orcbow of the Feather {freeze, rC+}
 33656 | Elf:3    | Identified the +8 glaive "Weuritop" {freeze, Fly Will+
                  | Int+3 Dex-2}
 33656 | Elf:3    | Identified the ring of the Mertaur {Wiz Int+2}
 34083 | Vaults:1 | Entered Level 1 of the Vaults
 34323 | Vaults:1 | Sobieck: I'm got to go finish cooking. Have a good day!
 34323 | Vaults:1 | Sobieck: Shit
 34323 | Vaults:1 | Sobieck: I didn't see you'd messaged.
 34323 | Vaults:1 | Sobieck: Reckon it could work?
 34323 | Vaults:1 | Sobieck: I guess I am a dex build
 34323 | Vaults:1 | PanSaczeczos: i will now splat some degl, good luck with
                  | yours!
 34323 | Vaults:1 | Sobieck: Thanks. I will be splatting is soon I bet.
 34376 | Vaults:1 | Reached skill level 1 in Long Blades
 34454 | Vaults:1 | Reached skill level 3 in Long Blades
 34821 | Vaults:1 | Reached skill level 18 in Fighting
 35801 | Vaults:2 | Reached skill level 25 in Dodging
 36914 | Vaults:2 | Reached XP level 21. HP: 126/126 MP: 31/31
 37235 | Vaults:3 | Noticed Donald
 37235 | Vaults:3 | Noticed Margery
 37390 | Vaults:3 | Killed Margery
 37442 | Vaults:3 | Killed Donald
 37695 | Vaults:3 | Found Ovviuw's Book Shop.
 37857 | Vaults:3 | Identified the +2 robe of Muttered Phrases {Dex+3}
 37863 | Vaults:3 | Found Usiuso's Armour Emporium.
 37944 | Vaults:3 | Noticed Mennas
 37995 | Vaults:3 | Killed Mennas
 38377 | Vaults:3 | Reached skill level 26 in Dodging
 38593 | Vaults:3 | Found a staircase to the Crypt.
 39628 | Vaults:4 | Reached XP level 22. HP: 132/132 MP: 30/32
 40322 | Depths:1 | Entered Level 1 of the Depths
 40386 | Depths:1 | Found Mishymow's Assorted Antiques.
 40592 | Depths:1 | Found a one-way gateway to a ziggurat.
 40623 | Depths:1 | Found a transporter.
 40638 | Depths:1 | Noticed Gucom's ghost (veteran GnFi)
 40642 | Depths:1 | Noticed Gemnonof's ghost (adept DgCj)
 40642 | Depths:1 | Identified the ring "Ufaomix" {Fire +Blink Fly rElec Will-}
 40766 | Depths:1 | Identified the amulet of the Unstoppable Wars {Will+
                  | Regen+}
 40767 | Depths:1 | Noticed Peitt's ghost (veteran BaIE)
 40772 | Depths:1 | Noticed a caustic shrike
 40777 | Depths:1 | Found a transporter.
 40778 | Depths:1 | Identified the ring "Surexan" {rC+ EV+5 Str-3 Int+3}
 41107 | Depths:1 | Found a gateway to Hell.
 41241 | Depths:1 | Found a stormy altar of Qazlal.
 41311 | Depths:1 | Found a one-way gate leading to the halls of Pandemonium.
 41380 | Depths:1 | Reached skill level 27 in Dodging
 41680 | Depths:1 | Reached skill level 21 in Ranged Weapons
 42889 | Depths:2 | Found a one-way gate to the infinite horrors of the Abyss.
 43380 | Depths:3 | Reached XP level 23. HP: 125/140 MP: 28/33
 44224 | Depths:3 | Noticed a golden dragon
 44230 | Depths:3 | Killed a golden dragon
 44475 | Depths:4 | Entered Level 4 of the Depths
 45514 | Depths:4 | Noticed a juggernaut
 45528 | Depths:4 | Killed a juggernaut
 45948 | Depths:4 | Noticed a golden dragon
 45962 | Depths:4 | HP: 5/140 [poisoned by a green draconian monk]
 46145 | Depths:4 | Killed a golden dragon
 46146 | Depths:4 | Reached skill level 24 in Ranged Weapons
 46227 | Depths:4 | Found a gate to the Realm of Zot.
 46646 | Vaults:5 | Entered Level 5 of the Vaults
 46646 | Vaults:5 | Noticed an ancient lich
 46939 | Vaults:5 | Noticed an ancient lich
 46950 | Vaults:5 | Killed an ancient lich
 47261 | Vaults:5 | Identified the staff "Teymi" {rF+ Will+ Str+3 Hexes Earth}
 47335 | Vaults:5 | Reached XP level 24. HP: 146/146 MP: 33/33
 47599 | Vaults:5 | Got a silver rune of Zot
 48305 | Vaults:5 | Identified the +5 trident of Big Damage {freeze, rC+ Int+5}
 48327 | Vaults:5 | Identified the staff of the Globe {rPois Conj Alchemy}
 48328 | Vaults:5 | Identified the staff of Gaumneath {rPois rF+ Dex-3 Tloc
                  | Fire Earth}
 48335 | Vaults:5 | Identified the -1 cloak "Sacenkek" {Harm rElec}
 48624 | Vaults:5 | Killed an ancient lich
 49152 | Zot:1    | Entered Level 1 of the Realm of Zot
 49618 | Zot:1    | Reached skill level 21 in Fighting
 50079 | D:8      | Killed ggggg's ghost
 50186 | D:9      | Killed Tollund's ghost
 50189 | D:9      | Killed deafmute's ghost
 50204 | D:9      | Identified the ring "Ohaf" {rCorr Int+3}
 50368 | Slime:1  | Entered Level 1 of the Pits of Slime
 50821 | Slime:3  | Noticed Dissolution
 50857 | Slime:3  | Gained mutation: Your body sometimes deteriorates upon
                  | taking damage. [a shining eye]
 50857 | Slime:3  | Gained mutation: You occasionally lose the ability to read
                  | scrolls when taking damage. [a shining eye]
 50862 | Slime:2  | Killed Dissolution
 50863 | Slime:2  | Gained mutation: You are weak. (Str -2) [a shining eye]
 50865 | Slime:2  | Lost mutation: Your body sometimes deteriorates upon taking
                  | damage. [potion of mutation]
 50865 | Slime:2  | Lost mutation: You are weak. (Str -2) [potion of mutation]
 50865 | Slime:2  | Gained mutation: You have hidden genetic defects. [potion
                  | of mutation]
 50865 | Slime:2  | Gained mutation: You are partially covered in iridescent
                  | scales. (AC +2) [potion of mutation]
 50865 | Slime:2  | Gained mutation: You are dopey. (Int -2) [potion of
                  | mutation]
 50866 | Slime:2  | Lost mutation: You are dopey. (Int -2) [potion of mutation]
 50866 | Slime:2  | Lost mutation: You occasionally lose the ability to read
                  | scrolls when taking damage. [potion of mutation]
 50866 | Slime:2  | Lost mutation: You are partially covered in iridescent
                  | scales. (AC +2) [potion of mutation]
 50866 | Slime:2  | Gained mutation: You are covered in fur. (AC +1) [potion of
                  | mutation]
 51075 | Slime:5  | Entered Level 5 of the Pits of Slime
 51237 | Slime:5  | Noticed the Royal Jelly
 51407 | Slime:5  | Mangled by a rockslime

Illustrated notes

Levels and vault maps discovered:
D:1:      minmay_arrival_arboretum_small, layout_basic, minmay_misc_feat_tower,
          nrook_campfire, nicolae_twisty_statue_hallways
D:2:      minmay_skewed_foursquare, layout_rooms, uniq_crazy_yiuf_cottage
D:3:      layout_loops_corners, vehumet_statue, basic_ecumenical_altar,
          serial_shops, shop, biasface_ghost_orc_armoury,
          kennysheep_generic_room_5, uniq_ijyb
D:4:      layout_basic, nicolae_ru_sacrificial_ziggurat, serial_bayou,
          serial_bayou_shore_a, serial_bayou_pond_b, serial_bayou_lagoon_b,
          serial_bayou_lake_a, serial_bayou_crossing, serial_bayou_shore_b,
          cheibrodos_sewer_entry_drain, minivault_1, feat_on_display
D:5:      minmay_thinvault, layout_loops_cross, minmay_temple_entry_crystal_x,
          minmay_misc_feat_doors
D:6:      layout_basic, lemuel_zombie_altar_kikubaaqudgha, nicolae_sextant
D:7:      layout_cave_pools, serial_shops, shop
D:8:      layout_loops_ring, cheibrodos_ashenzari_chains,
          minmay_lair_entry_grove, gammafunk_ghost_icy, chequers_avenue,
          nicolae_shop_distant_corner_stores, nicolae_stop_n_shop_2
D:9:      layout_big_octagon, gammafunk_ghost_cemetery, evilmike_minifort
D:10:     minmay_clustersquares, layout_basic, enter_bailey_2, serial_ice,
          serial_ice_f, serial_ice_a, serial_ice_e, serial_ice_l
D:11:     layout_loops_ring, serial_shops, nicolae_shop_behind_doors,
          minmay_between
D:12:     layout_long_grid, orc_0_dummy
D:13:     layout_loops_ring, minmay_circle_x, uniq_kirke
D:14:     layout_basic, david_vaults_4, kennysheep_minor_cross,
          nicolae_uskayaw_en_pointe
D:15:     hellmonk_depths_entry_around_the_bend, layout_loops_cross,
          grunt_decor_junction, hangedman_abyss_or_decor_jellyfish_corner
Lair:1:   layout_loops_ring, infiniplex_staircase_pool_2
Lair:2:   layout_layer_cave, dummy_spider_entry, grunt_megastairs_4
Lair:3:   layout_loops_ring, minmay_swamp_entry_swarm
Lair:4:   layout_concentric_octagons, serial_bayou_shore_b
Lair:5:   grunt_lair_end_beastmaster, layout_misc_corridors, slime_entry_1,
          lemuel_oklob_altar, uniq_rupert, uniq_josephine
Swamp:1:  layout_basic_swamp, hangedman_swamp_ruin_hall, swamp_pool_1_2,
          nicolae_swamp_triple_paths, uniq_frances
Swamp:2:  layout_basic_swamp, evilmike_swamp_ruin_wall
Swamp:3:  layout_basic_swamp, evilmike_swamp_ruin_house_2
Swamp:4:  swamp_icy, layout_basic_swamp, nicolae_swamp_decorative_isthmus
Spider:1: layout_cave_pods, einodemon_crawler_minivault, uniq_agnes
Spider:2: layout_chambers, hangedman_spider_tarantella_strand
Spider:3: layout_spider_delve, uniq_azrael, uniq_jorgrun, uniq_arachne
Spider:4: grunt_spider_rune_parallel, beargit_elvish_explorers
Slime:1:  layout_caves
Slime:2:  layout_caves
Slime:3:  layout_caves, dissolution_awaits
Slime:4:  layout_caves
Slime:5:  slime_pit
Orc:1:    layout_caves, uniq_harold, uniq_fannar, uniq_erica
Orc:2:    st_orc_mages, layout_caves, basic_altar
Elf:1:    eino_elf_arrival_altar, layout_geoelf_octagon,
          hangedman_elf_disciples, minivault_8
Elf:2:    nicolae_elf_blades_splatter_lattice
          [nicolae_blade_entry_floor_patterns], layout_geoelf_diagonals,
          wad_floor_pattern_1, serial_library_regret_index_split_case
Elf:3:    minmay_elf_hall_quartered_circle, layout_gridlike,
          serial_library_hellmonk_metal_room
Vaults:1: v_pattern_4, nicolae_vaults_shipping_containers_4,
          nicolae_vaults_bisected_slash, hangedman_vaults_restitches,
          nicolae_vaults_specimen_jars, layout_vaults_omnigrid
Vaults:2: nicolae_vaults_storage_closets_3, nicolae_vaults_storage_room_doors,
          ontoclasm_vaults_chip, vaults_room_door_hall,
          nicolae_vaults_trapezoid_3, nicolae_vaults_trapezoid_2,
          hangedman_vaults_variations, nicolae_vaults_network_periphery,
          v_misc_10, nicolae_vaults_ring_of_whatevers,
          nicolae_vaults_variable_pillar_hall, vaults_dpeg_hooks,
          layout_vaults_ring
Vaults:3: serial_library_hellmonk_open_square, nicolae_vaults_yaktaur_gun_rack,
          grunt_vaults_trifunnel, v_alt_pattern_6, nicolae_vaults_octothorpe,
          vaults_room_grid, vaults_mumra_minichess, nicolae_vaults_trapezoid_3,
          nicolae_vaults_frosty_reception, nicolae_vaults_alarming,
          vaults_room_door_ring, minmay_crypt_entry_nasty_monster,
          ontoclasm_vaults_pinch, nicolae_vaults_library_corner,
          nicolae_vaults_trapezoid_lopsided_3, nicolae_vaults_tetromino_L_1,
          layout_vaults_omnicross, serial_shops, shop, shop, uniq_donald,
          uniq_margery, uniq_mennas
Vaults:4: ontoclasm_vaults_hangar, nicolae_vaults_closet_pinwheel_4,
          nicolae_vaults_wrenched, nicolae_vaults_more_shelving_1,
          nicolae_vaults_trapezoid_1, v_alt_pattern_2,
          nicolae_vaults_little_squares_1, layout_vaults_big_room
Vaults:5: serial_shops
Depths:1: layout_gridlike, enter_ziggurat_b, pan_entry, grunt_qazlal_clouds,
          pf_hell_entry_tar_spiral, nzn_ghost_randoct, serial_shops, shop,
          interstate_on_off, kennysheep_generic_room_2
Depths:2: minmay_firetagon, layout_cave_pools, hangedman_decor_push, pan_entry,
          hell_entry, hangedman_abyss_entry_splay, serial_bayou_shore_b
Depths:3: nicolae_BIG_FREAKIN_CUBE, layout_long_grid,
          chequers_serial_rivers_large_b, grunt_metal_band, abyss_entry
Depths:4: grunt_bruiser_brothers, layout_cave_pools, abyss_entry,
          chequers_serial_rivers_micro_e, hell_entry, serial_bayou_shore_b
Zot:1:    layout_misc_corridors, regret_index_zotdec_serpentine_scales

Skill      XL: |  1  2  3  4  5  6  7  8  9 10 11 12 13 14 15 16 17 18 19 20 21 22 23 24 |
---------------+-------------------------------------------------------------------------+-----
Ranged Weapons | 5 6 7 9 10 12 14 15 16 18 20 21 25 26 | 26.0
Dodging        | 5 7 10 13 17 18 19 21 23 25 26 27 | 27.0
Invocations    | 2 4 6 8 10 12 | 12.0
Fighting       | 4 6 7 9 12 15 16 17 18 19 20 22 | 22.3
Armour         | 3 8 10 | 10.0
Long Blades    | 4 |  4.7
Stealth        | |  1.0

Action                     |  1- 3 |  4- 6 |  7- 9 | 10-12 | 13-15 | 16-18 | 19-21 | 22-24 || total
---------------------------+-------+-------+-------+-------+-------+-------+-------+-------++-------
  Melee: Eudemon blade     |       |       |       |       |       |       |    34 |       ||    34
         Kick              |       |       |       |       |       |       |    19 |       ||    19
         Peck              |       |       |       |       |       |       |    10 |       ||    10
   Fire: Shortbow          |    93 |   144 |   273 |       |       |       |       |       ||   510
         Orcbow            |       |       |    65 |   656 |   300 |       |       |       ||  1021
         Arbalest          |       |       |       |       |   639 |  1369 |   251 |       ||  2259
         Longbow           |       |       |       |       |       |       |  1055 |   712 ||  1767
         Triple crossbow   |       |       |       |       |       |       |     3 |   657 ||   660
 Invoke: Recall Ancestor   |       |     3 |       |       |    10 |    10 |     8 |     9 ||    40
         Ancestor Life: Kn |       |     1 |       |       |       |       |       |       ||     1
         Idealise          |       |       |       |     1 |     4 |     4 |    10 |    11 ||    30
         Transference      |       |       |       |       |       |     3 |     2 |     1 ||     6
  Evoke: Wand              |       |       |       |       |     2 |       |       |     1 ||     3
    Use: Potion            |     1 |     1 |       |     2 |     4 |     5 |    11 |    19 ||    43
         Scroll            |       |     6 |     9 |     7 |    12 |     8 |     9 |    21 ||    72
 Armour: Leather armour    |    19 |    26 |    13 |    17 |       |       |       |    68 ||   143
         Troll leather arm |       |       |       |    32 |    92 |   215 |   132 |   242 ||   713
         Fire dragon scale |       |       |       |     6 |       |       |       |       ||     6
  Dodge: Dodged            |    30 |    32 |    61 |   150 |   336 |   702 |   408 |  1088 ||  2807
  Block: Other             |       |       |     1 |    42 |    17 |       |       |       ||    60
         Reflection        |       |       |     1 |     6 |       |       |       |       ||     7
